 Dungeon Crawl Stone Soup version 0.28-a0-1387-g3a22ab9bdc (webtiles) character file.

Game seed: 5884233648206983595

593 ragingrage the Chopper (level 7, 0/39 HPs)
             Began as a Gargoyle Artificer on Jan 3, 2022.
             Slain by an ogre (24 damage)
             ... on level 3 of the Dungeon.
             The game lasted 00:08:38 (5946 turns).

ragingrage the Chopper (Gargoyle Artificer)         Turns: 5946, Time: 00:08:38

Health: 0/39       AC: 10    Str: 17    XL:     7   Next: 39%
Magic:  7/7        EV: 11    Int: 12    God:
Gold:   115        SH:  0    Dex: 10    Spells: 6/6 levels left

rFire   . . .      SeeInvis .   o - +0 halberd (venom)
rCold   . . .      Faith    .   (shield currently unavailable)
rNeg    + . .      Spirit   .   k - +2 animal skin
rPois   ∞          Reflect  .   l - +0 helmet
rElec   +          Harm     .   (no cloak)
rCorr   .          Rampage  .   (no gloves)
Will    .....                   (no boots)
Stlth   +.........              g - amulet of the acrobat
HPRegen 0.13/turn               (no ring)
MPRegen 0.10/turn               (no ring)

@: no status effects
A: sickness immunity, AC +4, negative energy resistance 1, electricity
resistance, torment resistance 1, petrification resistance
a: no special abilities


You were on level 3 of the Dungeon.
You visited 1 branch of the dungeon, and saw 4 of its levels.

You collected 115 gold pieces.

Inventory:

Hand Weapons
 a - a +0 hand axe
 o - a +0 halberd of venom (weapon)
Armour
 k - a +2 animal skin (worn)
 l - a +0 helmet (worn)
Jewellery
 g - an amulet of the acrobat (around neck)
 n - a ring of positive energy
Wands
 c - a wand of flame (6)
 d - a wand of charming (6) (quivered)
Scrolls
 i - 2 scrolls of identify {unknown}
 j - a scroll of torment {unknown}
 m - a scroll of teleportation {unknown}
Potions
 b - a potion of attraction {unknown}
 f - 2 potions of haste {unknown}
 h - 2 potions of flight {unknown}
 p - a potion of degeneration {unknown}
Miscellaneous
 e - a piece from Xom's chessboard (15/15)


   Skills:
 - Level 1.8 Fighting
 * Level 6.7 Axes
 - Level 2.1 Armour
 - Level 0.7 Dodging
 - Level 1.1 Stealth
 - Level 3.0 Evocations


You had 6 spell levels left.
You didn't know any spells.
Your spell library contained the following spells:

 Spells                   Type           Power      Damage    Failure   Level
 Magic Dart               Conj           0%         1d3       32%         1
 Searing Ray              Conj           0%         2d4       45%         2
 Fulminant Prism          Conj/Hex       0%         3d6       97%         4


Dungeon Overview and Level Annotations

Branches:
Dungeon (4/15)
 Temple: D:4-7

Altars:
Wu Jian


Innate Abilities, Weirdness & Mutations

You are immune to sickness and miasma.
Your stone body is resilient. (AC +4)
You are immune to poison.
You resist negative energy. (rN+)
You are resistant to electric shocks. (rElec)
You are resistant to unholy torment.
You are immune to petrification.


Message History

You barely miss the orc.
The orc is heavily wounded.
The orc hits you with a +0 dagger.
You closely miss the orc.
The orc is heavily wounded.
The orc hits you with a +0 dagger. The orc barely misses you.
You hit the orc.
You kill the orc!
No target in view!
No target in view!
An ogre comes into view. It is wielding a +0 giant club.
You see here a +0 dagger.
An ogre is nearby!
An ogre is nearby!
The ogre shouts!
You reach to attack!
You hit the ogre.
The ogre is poisoned.
The ogre is lightly wounded.
You hit the ogre.
The ogre looks as sick as possible!
The ogre is moderately wounded.
The ogre barely misses you.
You barely miss the ogre.
The ogre is moderately wounded.
The ogre barely misses you.
You hit the ogre.
The ogre is heavily wounded.
The ogre hits you with a +0 giant club!
You are too injured to fight recklessly!
You are too injured to fight recklessly!
You are too injured to fight recklessly!
You are too injured to fight recklessly!
You are too injured to fight recklessly!
You are too injured to fight recklessly!
You are too injured to fight recklessly!
You are too injured to fight recklessly!
You are too injured to fight recklessly!
You hit the ogre.
The ogre looks as sick as possible!
The ogre is severely wounded.
The ogre hits you with a +0 giant club!!
Ouch! That really hurt!
You die...

.....##......).'....#'###≈≈....#
############'###....#.#.≈≈≈....#
.............#.#....#.#.≈≈≈....#
.............#.##'###.#.≈≈≈....#
.............#.#......#.≈≈≈....#
.............'.#......#.≈≈≈..P.#
#####################.#.≈≈≈....#
÷..#....#...........#.#.≈≈≈....#
)).'....)......O@..)'.#.≈≈≈....#
...#))[.#...........#'###≈≈....#
####''')#############...#≈≈P...#
......).............#...#≈≈....#
≈≈≈≈...)≈≈≈≈≈≈≈≈≈≈≈≈#####≈≈....#
≈≈≈≈)...≈≈≈≈≈≈≈≈≈≈≈≈≈≈≈≈≈≈≈....#
≈≈≈≈)...≈≈≈≈≈)≈≈≈≈≈≈≈≈≈≈≈≈≈...P#
...)......)....................#
.)).>#.##............###########


You could see an ogre (extremely poisoned).

Vanquished Creatures
  2 hounds (D:3)
  2 orc priests (D:3)
  A gnoll shaman (D:3)
  Natasha (twice) (D:2)
  Robin (D:2)
  15 gnolls
  4 adders
  A worm (D:2)
  3 dart slugs
  19 orcs (D:3)
  7 ball pythons
  5 bats
  6 endoplasms
  4 giant cockroaches
  11 goblins
  7 hobgoblins
  24 jackals
  11 kobolds
  3 frilled lizards
  2 rats
130 creatures vanquished.

Vanquished Creatures (collateral kills)
  6 gnolls
  3 orcs (D:3)
  An endoplasm (D:1)
  A frilled lizard (D:1)
11 creatures vanquished.

Vanquished Creatures (others)
  A gnoll (D:3)
  An orc (D:3)
  A plant (D:3)
3 creatures vanquished.

Grand Total: 144 creatures vanquished

Notes
Turn   | Place    | Note
-------+----------+-------------------------------------------
     0 | D:1      | ragingrage the Gargoyle Artificer began the quest for the
                  | Orb.
     0 | D:1      | Reached XP level 1. HP: 12/12 MP: 1/1
   211 | D:1      | Reached XP level 2. HP: 15/17 MP: 2/2
   445 | D:1      | Reached skill level 1 in Axes
   642 | D:1      | Reached XP level 3. HP: 19/21 MP: 3/3
   775 | D:1      | Reached skill level 2 in Axes
  1482 | D:2      | Reached XP level 4. HP: 23/26 MP: 4/4
  1657 | D:2      | Identified the +4 scale mail "Nuopt" {rPois rF- Dex+2}
  1723 | D:2      | Noticed Natasha
  1755 | D:2      | Reached skill level 3 in Axes
  1758 | D:2      | Noticed Robin
  2159 | D:2      | Killed Robin
  2371 | D:2      | Reached XP level 5. HP: 22/30 MP: 5/5
  2835 | D:2      | Reached skill level 4 in Axes
  2904 | D:2      | Killed Natasha
  3352 | D:2      | Noticed Natasha
  3358 | D:2      | Killed Natasha
  3758 | D:3      | Reached XP level 6. HP: 35/35 MP: 6/6
  3778 | D:3      | Reached skill level 5 in Axes
  4286 | D:4      | Found an ornate altar of the Wu Jian Council.
  4667 | D:3      | HP: 1/35 [gnoll shaman (4)]
  5204 | D:3      | Reached skill level 6 in Axes
  5204 | D:3      | Reached XP level 7. HP: 39/39 MP: 7/7
  5946 | D:3      | Slain by an ogre

Illustrated notes

Levels and vault maps discovered:
D:1:      lemuel_arrival_river_ford, layout_basic, minmay_tetromino_s4
D:2:      layout_basic, uniq_robin, uniq_natasha
D:3:      lemuel_castle_with_subvaults [lemuel_castle_interior_carwin_1],
          layout_basic
D:4:      layout_loops_ring, mainiacjoe_overflow_six_doors_small,
          minmay_temple_entry_drinking_statues, serial_bayou_crossing

Skill      XL: |  1  2  3  4  5  6 |
---------------+-------------------+-----
Evocations     | 3 |  3.0
Axes           | 1 2 3 4 6 |  6.7
Fighting       | |  1.8
Armour         | |  2.1
Dodging        | |  0.7
Stealth        | |  1.1

Action                   |  1- 3 |  4- 6 |  7- 9 || total
-------------------------+-------+-------+-------++-------
Melee: Club              |    23 |       |       ||    23
       Hand axe          |   101 |   318 |    57 ||   476
       Halberd           |       |       |    49 ||    49
Evoke: Wand              |     1 |    13 |     4 ||    18
 Stab: Distracted        |     1 |     1 |     1 ||     3
       Sleeping          |       |     1 |       ||     1
Armor: Leather armour    |    57 |    26 |       ||    83
       Animal skin       |       |    70 |    34 ||   104
Dodge: Dodged            |    99 |   188 |    61 ||   348

Table legend: (Time is in decaauts)
 A = Elapsed time spent in this place.
 B = Non-inter-level travel time spent in this place.
 C = Inter-level travel time spent in this place.
 D = Time resting spent in this place.
 E = Time spent auto-exploring this place.
 F = Levels seen in this place.
 G = Mean time per level.
                   A        B        C        D        E       F      G
               +--------+--------+--------+--------+--------+-----+--------+
         Total |   6039 |   5900 |    139 |   2319 |   2230 |   4 | 1509.8 |
       Dungeon |   6039 |   5900 |    139 |   2319 |   2230 |   4 | 1509.8 |
               +--------+--------+--------+--------+--------+-----+--------+

Top non-repeatable levels by time:
     D:2: 1926 daAuts
     D:3: 1885 daAuts
     D:1: 1647 daAuts
     D:4: 579 daAuts
